 Dungeon Crawl Stone Soup version 0.27.1-3-gb3d3a73c9e (webtiles) character file.

Game seed: 10355745094378014235

85085 raph the Impaler (level 15, -4/119 HPs)
             Began as a Merfolk Gladiator on Oct 18, 2021.
             Was the Champion of Kikubaaqudgha.
             Constricted to death by a shambling mangrove (15 damage)
             ... on level 1 of the Swamp.
             The game lasted 00:58:33 (31495 turns).

raph the Impaler (Merfolk Gladiator)               Turns: 31495, Time: 00:58:34

Health: -4/119     AC: 18    Str: 16    XL:     15   Next: 82%
Magic:  15/28      EV: 21    Int: 10    God:    Kikubaaqudgha [******]
Gold:   447        SH:  0    Dex: 24    Spells: 3/33 levels left

rFire    + . .     SeeInvis .   a - +3 glaive (pain)
rCold    . . .     Faith    .   (shield currently unavailable)
rNeg     . . .     Spirit   .   y - +2 steam dragon scales
rPois    +         Reflect  .   c - +1 helmet
rElec    .         Harm     .   l - +2 cloak
rCorr    .         Rampage  .   p - +2 pair of gloves
Will     ++...                  O - +2 pair of boots {Fly}
Stlth    +++++.....             (no amulet)
HPRegen  0.29/turn              P - ring "Coamim" {Fly rPois rF+ Will+ Dex+6}
MPRegen  0.21/turn              E - +4 ring of protection

@: grasped by roots, corroded, flying, constricted, studying Air Magic
A: (nimble swimmer 2), mertail
a: Renounce Religion, Receive Corpses, Torment


You were on level 1 of the Swamp.
You worshipped Kikubaaqudgha.
Kikubaaqudgha was exalted by your worship.
You visited 4 branches of the dungeon, and saw 24 of its levels.

You collected 2137 gold pieces.
You spent 1690 gold pieces at shops.

Inventory:

Hand Weapons
 a - a +3 glaive of pain (weapon)
 b - the +6 glaive "Cipri" {drain, rC- rCorr MP+9 SInv}
   (You found it on level 6 of the Lair of Beasts)

   A truly terrible weapon, it drains the life of any living foe it strikes.
   rC:        It makes you vulnerable to cold.
   MP:        It affects your magic capacity (+9).
   SInv:      It lets you see invisible.
   rCorr:     It protects you from acid and corrosion.
 w - a +2 halberd of flaming
 B - a +4 halberd of pain
Missiles
 d - 3 throwing nets
 h - 6 boomerangs
 I - 46 poisoned darts (quivered)
 Y - 5 boomerangs of dispersal
 Z - 5 javelins
Armour
 c - a +1 helmet (worn)
 i - a +0 leather armour
 l - a +2 cloak (worn)
 p - a +2 pair of gloves (worn)
 q - a +0 pair of boots
 y - +2 steam dragon scales (worn)
 F - a scarf of repulsion
 O - a +2 pair of boots of flying (worn)
Jewellery
 g - a ring of protection from fire
 m - a +4 ring of protection
 t - a +6 ring of dexterity
 z - a ring of see invisible
 E - a +4 ring of protection (right hand)
 P - the ring "Coamim" (left hand) {Fly rPois rF+ Will+ Dex+6}
   (You found it on level 6 of the Lair of Beasts)

   [ring of dexterity]

   Dex:       It affects your dexterity (+6).
   rF:        It protects you from fire.
   rPois:     It protects you from poison.
   Fly:       It grants you flight.
   Will:      It increases your willpower.
 U - a ring of wizardry
Wands
 f - a wand of paralysis (6)
 D - a wand of flame (60)
 H - a wand of charming (14)
 J - a wand of iceblast (18)
 M - a wand of digging (20)
Scrolls
 s - a scroll of summoning
 u - 7 scrolls of teleportation
 L - 4 scrolls of amnesia
 N - a scroll of immolation
 Q - a scroll of silence
 R - 2 scrolls of blinking
 W - a scroll of magic mapping
 X - 11 scrolls of identify
Potions
 e - 10 potions of curing
 j - 2 potions of heal wounds
 k - 5 potions of flight
 n - 4 potions of ambrosia
 o - 2 potions of resistance
 v - 3 potions of brilliance
 C - a potion of mutation
 G - 2 potions of magic
 S - 2 potions of haste
 T - 4 potions of might
 V - 2 potions of invisibility
Miscellaneous
 r - a phial of floods
 K - a phantom mirror


   Skills:
 + Level 11.5 Fighting
 - Level 16.0 Polearms
 - Level 2.0 Throwing
 + Level 13.8 Dodging
 + Level 9.6 Stealth
 + Level 9.7 Spellcasting
 * Level 12.3 Necromancy
 * Level 7.1 Ice Magic


You had 3 spell levels left.
You knew the following spells:

 Your Spells              Type           Power      Damage    Failure   Level
a - Corpse Rot            Necr/Air       N/A        N/A       1%          2
b - Vampiric Draining     Necr           14%        2d8       1%          3
c - Animate Dead          Necr           14%        N/A       1%          4
d - Pain                  Necr           100%       1d9       1%          1
e - Death Channel         Necr           14%        N/A       14%         6
f - Simulacrum            Ice/Necr       12%        N/A       36%         6
g - Dispel Undead         Necr           29%        3d13      1%          4
h - Passwall              Tmut/Erth      3%         N/A       22%         2
i - Blink                 Tloc           N/A        N/A       22%         2

Your spell library contained the following spells:

 Spells                   Type           Power      Damage    Failure   Level
 Animate Skeleton         Necr           58%        N/A       1%          1
 Sublimation of Blood     Necr           14%        N/A       1%          2
 Ensorcelled Hibernation  Hex/Ice        24%        N/A       4%          2
 Apportation              Tloc           8%         N/A       14%         1
 Corona                   Hex            4%         N/A       14%         1
 Foxfire                  Conj/Fire      16%        2x1d4     14%         1
 Sandblast                Erth           8%         2d5       14%         1
 Slow                     Hex            4%         N/A       22%         2
 Static Discharge         Conj/Air       4%         N/A       22%         2
 Confusing Touch          Hex            4%         N/A       38%         3
 Conjure Flame            Conj/Fire      4%         6-21      38%         3
 Dazzling Flash           Conj/Hex       8%         N/A       38%         3
 Gell's Gravitas          Tloc           2%         N/A       38%         3
 Inner Flame              Hex/Fire       4%         N/A       38%         3
 Lesser Beckoning         Tloc           2%         N/A       38%         3
 Teleport Other           Tloc           4%         N/A       38%         3
 Tukima's Dance           Hex            4%         N/A       38%         3
 Borgnjor's Vile Clutch   Necr/Erth      8%         N/A       30%         5
 Hailstorm                Conj/Ice       12%        3d5       32%         4
 Ice Form                 Ice/Tmut       12%        N/A       32%         4
 Iskenderun's Mystic Bla  Conj/Tloc      4%         2d3       80%         4
 Leda's Liquefaction      Hex/Erth       2%         N/A       80%         4
 Alistair's Intoxication  Tmut/Pois      2%         N/A       98%         5
 Bolt of Magma            Conj/Fire/Erth 2%         4d4       98%         5
 Lee's Rapid Deconstruct  Erth           2%         3d5*      98%         5
 Lightning Bolt           Conj/Air       2%         1d13      98%         5
 Manifold Assault         Tloc           4%         N/A       98%         5
 Eringya's Noxious Bog    Tmut/Pois      2%         N/A       100%        6
 Invisibility             Hex            2%         N/A       100%        6
 Starburst                Conj/Fire      2%         6d3       100%        6
 Statue Form              Tmut/Erth      2%         N/A       100%        6
 Maxwell's Capacitive Co  Air            2%         ∞         100%        8


Dungeon Overview and Level Annotations

Branches:
Dungeon (15/15)            Temple (0/1) D:7            Lair (6/6) D:10
  Swamp (1/4) Lair:2        Snake (0/4) Lair:4        Slime (0/5) Lair:6
    Orc (2/2) D:12            Elf (0/3) Orc:2        Vaults (0/5) D:13
 Depths (0/5) D:15

Altars:
Cheibriados
Dithmenos
Elyvilon
Kikubaaqudgha
Makhleb
Nemelex Xobeh
Ru
Sif Muna
Beogh

Shops:
D:1 *(!*   D:2 [   D:7 :   D:11 !   D:12 *   D:14 [   Orc:2 !(([

Annotations:
D:5 3 runed translucent doors, PanSaczeczos's ghost, amateur HuEE
Lair:1 exclusion: oklob plant
Lair:3 exclusion: catoblepas
Lair:4 exclusion: catoblepas


Innate Abilities, Weirdness & Mutations

((You are quick and stealthy near water. (Stealth+, EV+, Speed+++)))
Your lower body shifts to a powerful aquatic tail in water.


Message History

The goliath frog closely misses you. The swamp dragon closely misses you.
The swamp dragon claws you.
* * * LOW HITPOINT WARNING * * *
The swamp dragon barely misses you.
Blink to where?
Press: ? - help, Dir - move target You escape the roots' grasp.
As you read the scroll of blinking, it crumbles to dust.
You feel sick.
The goliath frog hits your tyrant leech zombie!!
Your tyrant leech zombie is splashed with acid.
The acid corrodes your tyrant leech zombie!
Your hornet zombie hits the shambling mangrove.
The goliath frog hits your tyrant leech zombie!!
Your tyrant leech zombie is destroyed!
The goliath frog hits your goliath frog zombie!
Your goliath frog zombie is splashed with acid.
The acid corrodes your goliath frog zombie!
Kikubaaqudgha delivers you corpses!
You feel sick.
You are no longer poisoned.
Your hornet zombie hits the shambling mangrove but does no damage.
Your spriggan zombie hits the shambling mangrove from afar with a +0 spear!
Roots burst forth from the earth!
The grasping roots grab you! The grasping roots constrict you.
* * * LOW HITPOINT WARNING * * *
The goliath frog misses your goliath frog zombie.
Your goliath frog zombie hits the goliath frog!!
Casting: Animate Dead (mildly dangerous; 1% risk of failure)
Confirm with . or Enter, or press ? or * to list all spells.
You call on the dead to rise...
The dead are walking and flying!
Your hornet zombie hits the shambling mangrove but does no damage.
The goliath frog hits your goliath frog zombie!
Your goliath frog zombie is splashed with acid.
Your goliath frog zombie seems to be corroded for longer.
Your spriggan zombie hits the shambling mangrove but does no damage.
The grasping roots constrict you!
You die...
Kikubaaqudgha rasps: "You have failed me!
Welcome... death!"

♣≈.§≈.♣..♣≈.≈
♣..≈≈...≈.≈≈≈≈≈≈≈ ♣
♣♣.§≈≈.....≈.≈§≈≈§ ..
≈..≈≈≈≈..≈♣≈..≈≈§ ..F
♣..≈≈≈.>.....≈≈§ ≈.§≈
♣..§≈≈≈≈.≈≈≈.... ..≈≈.
♣.>≈≈≈≈≈.≈§≈≈...
.....○♣FZ.ZZ.Z.≈≈≈≈...
♣≈..Z.Z.D.k..@≈≈≈....
♣≈..≈°..≈.FfZ≈..≈≈≈♣..
≈..≈≈≈..≈..≈≈≈≈Z..≈♣
.≈♣♣♣♣.≈≈≈≈≈≈≈≈≈.≈♣..♣
≈ ♣.≈≈≈≈≈≈≈≈≈.≈≈♣♣♣
♣.≈≈≈≈≈≈≈≈.≈≈.♣
♣.≈≈≈≈≈≈≈≈.≈..♣
♣♣.≈≈≈≈......≈♣
♣.......≈.♣.


You could see a shambling mangrove (ally target), a swamp dragon, 2 goliath
frogs, a swamp drake (ally target), a friendly six-headed hydra zombie, a
friendly swamp dragon zombie, a friendly hornet zombie, a friendly spriggan
zombie, a friendly goliath frog zombie (corroded), a friendly eleionoma zombie
and a friendly bog body skeleton.

Vanquished Creatures
  Rupert (Orc:2)
  Josephine (Orc:2)
  An ettin (D:12)
  Snorg (Orc:1)
  4 hydras
  3 boulder beetles
  A great orb of eyes (D:15)
  2 catoblepae
  4 centaur warriors
  5 two-headed ogres
  2 death yaks (Lair:6)
  An orc high priest (Orc:1)
  A tengu warrior (D:14)
  A deep elf knight (D:12)
  A skeletal warrior (D:13)
  2 flayed ghosts (D:13)
  A sea snake (shapeshifter) (D:15)
  A bog body (Swamp:1)
  5 orc knights (Orc:2)
  A lindwurm (Lair:6)
  A wolf spider (D:15)
  5 deep elf pyromancers
  A wolf spider (shapeshifter) (D:14)
  9 ugly things
  6 manticores
  10 elephants
  5 cyclopes
  2 black mambas
  A torpor snail (Lair:6)
  Maggie (D:6)
  2 unseen horrors
  11 cane toads
  2 kobold demonologists
  2 rime drakes (Lair:5)
  9 komodo dragons
  2 tengu conjurers (D:15)
  A polar bear (Lair:6)
  3 trolls
  A hornet (Lair:3)
  17 blink frogs
  13 slime creatures
  A blink frog (shapeshifter) (D:15)
  A meliai zombie (D:10)
  Sigmund (D:3)
  5 shadows
  3 wyverns
  6 basilisks
  6 wraiths
  A vampire (D:13)
  52 yaks
  A golden eye (shapeshifter) (D:14)
  A steam dragon (D:9)
  17 vampire mosquitoes
  9 wargs
  Menkaure (D:6)
  2 nagas
  A swamp worm (Swamp:1)
  An acid dragon (D:11)
  3 two-headed ogre zombies (D:12)
  11 water moccasins
  44 orc warriors
  4 black bears
  An ice beast (D:7)
  A hornet zombie (D:5)
  A sky beast (D:7)
  7 necrophages (D:7)
  8 ogres
  10 wolves
  11 centaurs
  A phantom (D:12)
  10 bullfrogs
  3 gnoll sergeants
  A troll zombie (D:12)
  15 wights (D:7)
  2 centaur skeletons (D:4)
  2 centaur zombies
  A bullfrog skeleton (D:6)
  4 hounds
  A jelly (D:5)
  12 orc priests
  A gnoll shaman (D:9)
  Ijyb (D:4)
  Jessica (D:3)
  6 iguanas
  18 orc wizards
  A killer bee zombie (D:7)
  4 ogre zombies (D:12)
  Robin (D:3)
  23 gnolls
  A howler monkey skeleton (D:7)
  5 adders
  A shadow imp (D:7)
  A white imp (D:5)
  An ufetubus (D:4)
  A worm (D:2)
  5 dart slugs
  83 orcs
  2 bats
  4 bat zombies (D:3)
  6 endoplasms
  4 giant cockroaches
  16 goblins
  10 hobgoblins
  3 jackals (D:3)
  5 quokkas
  3 ball pythons
  3 frilled lizards
  A goblin skeleton (D:12)
  5 goblin zombies (D:12)
  2 hobgoblin skeletons (D:12)
  3 hobgoblin zombies (D:12)
  5 kobolds
  2 orc skeletons (D:12)
  12 orc zombies (D:12)
  5 rats
  A butterfly (Lair:4)
651 creatures vanquished.

Vanquished Creatures (collateral kills)
  A hydra (Lair:5)
  A death yak (Lair:6)
  A deep troll shaman (Lair:6)
  A wizard (D:13)
  A centaur (D:13)
  2 orcs (Orc:2)
7 creatures vanquished.

Vanquished Creatures (others)
  A spriggan (Swamp:1)
  A bloated husk (Swamp:1)
  A hornet (Swamp:1)
  A swamp worm (Swamp:1)
  A swamp drake (Swamp:1)
  An orc wizard (Orc:1)
  27 fungi
  39 plants
  9 withered plants (D:7)
81 creatures vanquished.

Grand Total: 739 creatures vanquished

Notes
Turn   | Place    | Note
-------+----------+-------------------------------------------
     0 | D:1      | raph the Merfolk Gladiator began the quest for the Orb.
     0 | D:1      | Reached XP level 1. HP: 16/16 MP: 1/1
    30 | D:1      | Reached skill level 5 in Polearms
   185 | D:1      | Reached XP level 2. HP: 21/22 MP: 2/2
   402 | D:1      | Found Hezusah's Assorted Antiques.
   454 | D:1      | Found Bium Nua's Assorted Antiques.
   505 | D:1      | Found Eberghe Hazi's Distillery.
   506 | D:1      | Found Famnekh's Antique Weapon Shoppe.
   522 | D:1      | Reached skill level 6 in Polearms
   522 | D:1      | Reached XP level 3. HP: 19/27 MP: 3/3
   716 | D:1      | Bought a potion of curing for 30 gold pieces
  1013 | D:2      | Found Qofajom's Armour Boutique.
  1312 | D:2      | Reached XP level 4. HP: 33/33 MP: 4/4
  1380 | D:2      | Reached skill level 7 in Polearms
  1571 | D:2      | Reached skill level 8 in Polearms
  1571 | D:2      | Reached XP level 5. HP: 38/38 MP: 5/5
  1946 | D:1      | Bought a potion of might for 40 gold pieces
  2062 | D:3      | Found a faded altar of an unknown god.
  2077 | D:3      | Got Plato's Compendium of Attacks
  2085 | D:3      | Noticed Jessica
  2090 | D:3      | Killed Jessica
  2178 | D:3      | Reached skill level 9 in Polearms
  2341 | D:3      | Noticed Sigmund
  2347 | D:3      | Killed Sigmund
  2348 | D:3      | Reached skill level 10 in Polearms
  2348 | D:3      | Reached XP level 6. HP: 34/44 MP: 6/6
  2424 | D:3      | Found a sacrificial altar of Ru.
  2543 | D:3      | Noticed a black bear
  2568 | D:3      | Killed a black bear
  2569 | D:3      | Reached skill level 11 in Polearms
  2569 | D:3      | Reached XP level 7. HP: 35/50 MP: 7/7
  2608 | D:3      | Noticed Robin
  2616 | D:3      | Killed Robin
  3149 | D:3      | Found an ancient bone altar of Kikubaaqudgha.
  3157 | D:3      | Became a worshipper of Kikubaaqudgha
  3339 | D:4      | Reached skill level 12 in Polearms
  3826 | D:4      | Found a white marble altar of Elyvilon.
  4302 | D:5      | Entered Level 5 of the Dungeon
  4322 | D:5      | Reached skill level 1 in Stealth
  4322 | D:5      | Reached XP level 8. HP: 54/57 MP: 7/9
  4416 | D:5      | Found a runed translucent gate.
  4420 | D:5      | Found a runed translucent gate.
  4420 | D:5      | Found a runed translucent gate.
  4425 | D:5      | Noticed Ijyb
  4544 | D:4      | Killed Ijyb
  4545 | D:4      | Reached skill level 1 in Spellcasting
  4545 | D:4      | Reached skill level 1 in Necromancy
  4589 | D:5      | Learned a level 2 spell: Corpse Rot
  4892 | D:5      | Noticed PanSaczeczos's ghost (amateur HuEE)
  5066 | D:5      | Reached * piety under Kikubaaqudgha
  5066 | D:5      | Received a gift from Kikubaaqudgha
  5178 | D:5      | Learned a level 3 spell: Vampiric Draining
  5226 | D:2      | Bought a +0 pair of gloves for 63 gold pieces
  5226 | D:2      | Bought a +0 pair of boots for 63 gold pieces
  5342 | D:6      | Noticed Menkaure
  5350 | D:6      | Killed Menkaure
  5558 | D:1      | Bought a scroll labelled DADEAH LOIGHAV for 21 gold pieces
  5851 | D:6      | Reached skill level 5 in Dodging
  6097 | D:6      | Found a shimmering blue altar of Sif Muna.
  6097 | D:6      | Noticed Maggie
  6110 | D:6      | Paralysed by Maggie for 3 turns
  6121 | D:6      | Killed Maggie
  6122 | D:6      | Reached skill level 13 in Polearms
  6122 | D:6      | Reached XP level 9. HP: 65/65 MP: 10/12
  6342 | D:7      | Found Xynet's Self-Improvement Boutique.
  6398 | D:7      | Noticed a cyclops
  7290 | D:7      | Identified the +9 short sword "Hydraslayer" {flame, rN++
                  | Str+4}
  7412 | D:7      | Killed a cyclops
  7585 | D:7      | Reached skill level 14 in Polearms
  7588 | D:7      | Reached ** piety under Kikubaaqudgha
  7601 | D:7      | Reached XP level 10. HP: 56/73 MP: 15/15
  7603 | D:7      | Reached skill level 5 in Fighting
  7958 | D:7      | Reached skill level 5 in Necromancy
  8580 | D:7      | Found a staircase to the Ecumenical Temple.
  9020 | D:1      | Bought a peridot ring for 120 gold pieces
  9563 | D:8      | Found a burning altar of Makhleb.
  9606 | D:9      | Reached *** piety under Kikubaaqudgha
  9606 | D:9      | Received a gift from Kikubaaqudgha
  9614 | D:9      | Learned a level 4 spell: Animate Dead
  9696 | D:9      | Reached skill level 15 in Polearms
  9950 | D:9      | Noticed a kobold demonologist
 10000 | D:8      | Learned a level 1 spell: Pain
 10010 | D:9      | Killed a kobold demonologist
 10124 | D:9      | Noticed a two-headed ogre
 10142 | D:9      | Killed a two-headed ogre
 10143 | D:9      | Reached XP level 11. HP: 56/81 MP: 10/18
 10533 | D:10     | Entered Level 10 of the Dungeon
 10962 | D:10     | Reached skill level 5 in Spellcasting
 11185 | D:10     | Found a staircase to the Lair.
 11443 | D:10     | Found a snail-covered altar of Cheibriados.
 11714 | D:1      | Bought a potion of heal wounds for 120 gold pieces
 11714 | D:1      | Bought a scroll of identify for 48 gold pieces
 11884 | Lair:1   | Entered Level 1 of the Lair of Beasts
 11902 | Lair:1   | Reached skill level 16 in Polearms
 13026 | Lair:1   | Noticed an oklob plant
 13562 | Lair:2   | Reached **** piety under Kikubaaqudgha
 13563 | Lair:2   | Reached XP level 12. HP: 87/91 MP: 19/21
 13813 | Lair:2   | Found a staircase to the Swamp.
 13881 | Lair:2   | Reached skill level 10 in Dodging
 14415 | Lair:2   | You fall into a shaft and drop 2 floors!
 14788 | Lair:4   | Noticed a five-headed hydra
 14797 | Lair:4   | Killed a one-headed hydra
 15114 | Lair:3   | Noticed a catoblepas
 15732 | Lair:3   | Identified the +5 trident of raph's Disembowelment {holy,
                  | Fragile rN+++ Str+4 Int+8}
 16080 | Lair:4   | Found a staircase to the Snake Pit.
 16092 | Lair:4   | Noticed a boulder beetle
 16115 | Lair:4   | Killed a boulder beetle
 16357 | Lair:4   | Reached XP level 13. HP: 91/101 MP: 23/23
 17572 | Lair:5   | Reached skill level 5 in Stealth
 18027 | Lair:5   | Reached skill level 10 in Necromancy
 18159 | Lair:5   | Identified the +4 dagger of Optimality {protect, rElec
                  | rF+++}
 18374 | Lair:6   | Entered Level 6 of the Lair of Beasts
 18628 | Lair:6   | Reached ***** piety under Kikubaaqudgha
 18820 | Lair:6   | Found a staircase to the Slime Pits.
 18928 | Lair:6   | Learned a level 6 spell: Death Channel
 19244 | Lair:6   | Found a shadowy altar of Dithmenos.
 19780 | Lair:6   | Reached skill level 10 in Fighting
 20133 | Lair:6   | Identified the +6 glaive "Cipri" {drain, rC- rCorr MP+9
                  | SInv}
 20144 | Lair:6   | Identified the ring "Coamim" {Fly rPois rF+ Will+ Dex+6}
 20504 | D:1      | Bought a scroll of blinking for 157 gold pieces
 20504 | D:1      | Bought a scroll of teleportation for 63 gold pieces
 20504 | D:1      | Bought a wand of digging (7) for 168 gold pieces
 20537 | D:1      | Bought 2 potions of haste for 200 gold pieces
 20704 | D:11     | Found Feufab's Distillery.
 21019 | D:11     | Found a sparkling altar of Nemelex Xobeh.
 21061 | D:11     | You are sucked into a shaft and drop 1 floor!
 21080 | D:12     | Reached XP level 14. HP: 110/110 MP: 26/26
 21117 | D:12     | Found a staircase to the Orcish Mines.
 22301 | D:12     | Found Zoohyene's CLEARANCE SALE! EVERYTHING MUST GO!.
 22307 | D:12     | Bought a scroll of identify for 8 gold pieces
 22307 | D:12     | Bought a scroll of identify for 8 gold pieces
 22307 | D:12     | Bought a wand of digging (4) for 64 gold pieces
 23018 | Orc:1    | Entered Level 1 of the Orcish Mines
 23093 | Orc:1    | Reached ****** piety under Kikubaaqudgha
 23228 | Orc:1    | Noticed Snorg
 23242 | Orc:1    | Killed Snorg
 23860 | Orc:2    | Entered Level 2 of the Orcish Mines
 23870 | Orc:1    | Learned a level 6 spell: Simulacrum
 24062 | Orc:2    | Reached skill level 1 in Ice Magic
 24225 | Orc:2    | Found Taawn's Weapon Shop.
 24247 | Orc:2    | Found Deonisch's Armour Shoppe.
 24409 | Orc:2    | Noticed Josephine
 24430 | Orc:2    | Killed Josephine
 24431 | Orc:2    | Noticed Rupert
 24980 | Orc:2    | Found Mustre's Antique Weapon Shoppe.
 24980 | Orc:2    | Found Naek Oto's Distillery.
 25011 | Orc:2    | Bought a potion of magic for 144 gold pieces
 25011 | Orc:2    | Bought a potion of might for 72 gold pieces
 25124 | Orc:2    | Found a staircase to the Elven Halls.
 25181 | Orc:2    | Killed Rupert
 26316 | D:13     | Reached XP level 15. HP: 112/118 MP: 24/28
 27071 | D:12     | Reached skill level 5 in Ice Magic
 27308 | D:13     | Learned a level 4 spell: Dispel Undead
 28006 | D:13     | Found a gate to the Vaults.
 28699 | D:14     | Found Qadeakh's Armour Shop.
 28710 | D:14     | Learned a level 2 spell: Passwall
 29433 | D:2      | Bought a +2 pair of boots of flying for 301 gold pieces
 29619 | D:15     | Entered Level 15 of the Dungeon
 30073 | D:15     | Found a staircase to the Depths.
 30976 | D:15     | Learned a level 2 spell: Blink
 31128 | D:15     | Identified a +2 glaive of pain (a +0 vampiric glaive
                  | bloodied by Kikubaaqudgha)
 31128 | D:15     | Received a gift from Kikubaaqudgha
 31474 | Swamp:1  | Entered Level 1 of the Swamp
 31495 | Swamp:1  | Constricted to death by a shambling mangrove

Illustrated notes

Levels and vault maps discovered:
D:1:      dpeg_arrival_arbitrary_a, layout_rooms, serial_shops,
          nicolae_shop_statue_plus, shop, shop, shop
D:2:      kb_forest_paths, layout_loops_ring, serial_shops,
          nicolae_shop_behind_doors, minmay_misc_feat_roman, fountainhead,
          hangedman_decor_growths
D:3:      layout_rooms, lemuel_zombie_altar_kikubaaqudgha,
          nicolae_ru_the_path_less_chosen, shapermc_ecumenical_altar_rom_forum,
          uniq_sigmund, uniq_jessica, uniq_robin
D:4:      layout_loops_corners, mainiacjoe_overflow_24_doors, st_stairs_14
D:5:      layout_rooms, gammafunk_ghost_split, nrook_pool_corridor,
          eino_tiny_chamber, uniq_ijyb
D:6:      layout_basic, mainiacjoe_overflow_paths, uniq_maggie, uniq_menkaure
D:7:      layout_rooms, minmay_temple_entry_nine_rooms, serial_undead,
          serial_undead_e, serial_undead_c, serial_undead_f, serial_undead_e,
          serial_undead_e, serial_undead_f, serial_undead_e, serial_undead_f,
          minmay_misc_feat_x, grunt_ministairs_11, palyth_stone_intersect,
          nicolae_shop_self_help
D:8:      layout_basic, nicolae_overflow_hidden_temple, led_xom_imps, uniq_grum,
          uniq_pikel, uniq_prince_ribbit1
D:9:      layout_gridville
D:10:     layout_cave_pools, kennysheep_little_box, david_lair_generic
D:11:     layout_basic, serial_shops, shop, nemelex_spade_bored_becter
D:12:     layout_roguey, zombieorc2_lemuel, nicolae_shop_clearance
D:13:     minmay_containers, layout_loops_ring, david_vaults_1
D:14:     layout_roguey, serial_shops, shop_statue,
          hangedman_decor_diamond_cutter, kennysheep_dice
D:15:     hangedman_depths_entry_try_elsewhere_first, layout_gridville,
          nicolae_twisting_strands, minmay_librarian
Lair:1:   layout_gridlike, minmay_lair_oklob_items
Lair:2:   layout_loops_ring, swamp_mist
Lair:3:   layout_chaotic_city
Lair:4:   layout_regular_city, minmay_snake_entry_guardpost_small,
          chequers_serial_rivers_small_3, chequers_serial_rivers_small_b,
          beast_lair_carwin_9, serial_bayou_shore_b, lemuel_fruit_fields
Lair:5:   layout_regular_city, grunt_megastairs_2, lemuel_fruit_fields,
          lemuel_fruit_tree
Lair:6:   grunt_lair_end_beastmaster, layout_regular_city,
          dpeg_slime_entry_corner, basic_altar, serial_bayou_shore_b
Swamp:1:  layout_basic_swamp, nicolae_swamp_decorative_isthmus,
          infiniplex_staircase_pool
Orc:1:    layout_diamond_mine, uniq_snorg
Orc:2:    st_orc_town, layout_caves, uniq_rupert, uniq_josephine

Skill      XL: |  1  2  3  4  5  6  7  8  9 10 11 12 13 14 15 |
---------------+----------------------------------------------+-----
Polearms       | 5 6 8 10 11 12 13 14 15 16 | 16.0
Stealth        | 1 2 4 6 8 9 |  9.6
Spellcasting   | 2 3 4 6 7 8 9 |  9.7
Necromancy     | 2 4 6 7 9 10 11 12 | 12.3
Fighting       | 3 4 6 7 9 10 11 | 11.5
Dodging        | 5 6 8 9 11 12 13 | 13.8
Ice Magic      | 4 7 |  7.1
Throwing       | |  2.0

Action                   |  1- 3 |  4- 6 |  7- 9 | 10-12 | 13-15 || total
-------------------------+-------+-------+-------+-------+-------++-------
Melee: Trident           |    90 |       |       |       |       ||    90
       Halberd           |     4 |    80 |   262 |   678 |  1115 ||  2139
       Unarmed           |       |       |     4 |       |       ||     4
       Glaive            |       |       |       |       |   159 ||   159
Throw: Dart              |     6 |    12 |     8 |     9 |    17 ||    52
       Throwing net      |       |     4 |     1 |     1 |       ||     6
 Cast: Corpse Rot        |       |       |     1 |    14 |    10 ||    25
       Pain              |       |       |       |     3 |     1 ||     4
       Animate Dead      |       |       |       |     6 |    17 ||    23
       Death Channel     |       |       |       |       |    13 ||    13
       Vampiric Draining |       |       |       |       |     5 ||     5
       Dispel Undead     |       |       |       |       |     6 ||     6
Invok: Receive Corpses   |       |       |       |     5 |     3 ||     8
       Brand Weapon With |       |       |       |       |     1 ||     1
Evoke: Wand              |       |       |       |     1 |     2 ||     3
       Phantom mirror    |       |       |       |     1 |       ||     1
  Use: Scroll            |       |     2 |    10 |    15 |    14 ||    41
       Potion            |       |     2 |     1 |     1 |     3 ||     7
 Stab: Sleeping          |     1 |     2 |     4 |     9 |    24 ||    40
       Held in net/web   |       |     1 |       |       |       ||     1
       Distracted        |       |       |     1 |     4 |    11 ||    16
       Petrified         |       |       |       |       |     2 ||     2
       Petrifying        |       |       |       |       |     1 ||     1
Armor: Leather armour    |    19 |    18 |    31 |       |       ||    68
       Steam dragon scal |       |       |    26 |   168 |   285 ||   479
Dodge: Dodged            |    67 |    45 |   151 |   376 |   919 ||  1558
